Unix NetHack Version 3.7.0-95 Work-in-progress - last build Jan 1 2024 20:51:50 (6a0ccc5fa2390e420dd2d488a2f9488d2ae3a63b,branch:master). Game began 2024-01-14 09:17:20, ended 2024-01-14 20:35:55. Arasaka, lawful male human Knight ------- #......| #####|.....| ############)############-.....| #########[### ########### |.....| ##------------- ## #####.<....| --------- # |C.........C| # # ------- |.......| |.....C.....| ### ### |.......| |...---.-...| #---------- # |.......| |...|.@.|...| #|........|### |.......| |..C|{.{|C..|####|...[.>...### |.......| ####### |...|.{.|..[| #0.........| # ---------- |.......-#####----.--- |...-----...-### ---------- ##|........| -----.--- ## |.......#### |.....C.....| #|........| ####### |......| |C.........C| #.........| |......-#### ------------- |........| -------- ########[#####################%##-........| # ---------- Arasaka the Esquire St:15 Dx:9 Co:13 In:7 Wi:16 Ch:17 Lawful Dlvl:5 $:84 HP:0(45) Pw:39(39) AC:3 Xp:5/305 T:3044 Blind Latest messages: The Mordor orc just misses! You hit the Mordor orc! You hit the Mordor orc. The Mordor orc misses! You kill the Mordor orc! The Mordor orc hits! The Mordor orc picks up a corroded orcish helm. You hit the Mordor orc! You kill the Mordor orc! You hit the Mordor orc. You hit the Mordor orc. You hit the Mordor orc. You hit the Mordor orc. You miss the Mordor orc. You miss the Mordor orc. You hit the Mordor orc. You kill the Mordor orc! H - a tan spellbook. The Mordor orc picks up an orcish chain mail. "Salutations, Arasaka, welcome to Delphi!" What do you want to dip? [abd-prt-xzA-DF-H or ?*] Dip a +1 long sword (weapon in right hand) into the fountain? [yn] (n) An endless stream of snakes pours forth! What do you want to dip? [abd-prt-xzA-DF-H or ?*] Dip a +1 long sword (weapon in right hand) into the fountain? [yn] (n) You unleash a water demon! The water moccasin misses! The water moccasin misses! The water moccasin bites! The water moccasin bites! The water moccasin bites! The water moccasin bites! You can't write on the fountain! Please move the cursor to an unknown object. (For instructions type a '?') What do you want to dip? [abd-prt-xzA-DF-H or ?*] Dip a +1 long sword (weapon in right hand) into the fountain? [yn] (n) Nothing seems to happen. The fountain dries up! The water moccasin just misses! The water moccasin bites! The water moccasin bites! The water moccasin bites! The water moccasin misses! The water moccasin just misses! What do you want to read? [mvH or ?*] A cloud of darkness falls upon you. It bites! It bites! You die... Inventory: Coins ('$') $ - 84 gold pieces Amulets ('"') w - a cursed amulet of strangulation Weapons (')') r - an uncursed +0 orcish dagger a - an uncursed thoroughly rusty +1 long sword (weapon in right hand) Armor ('[') t - an uncursed +0 cornuthaum d - a blessed very rusty +0 helmet (being worn) f - an uncursed +0 pair of leather gloves (being worn) F - a cursed -2 pair of low boots (being worn) e - an uncursed +0 small shield (being worn) z - an uncursed +0 dwarvish mithril-coat (being worn) Comestibles ('%') g - 13 uncursed apples h - 12 uncursed carrots x - an uncursed cram ration i - 3 uncursed food rations j - 2 uncursed tripe rations o - an uncursed egg Scrolls ('?') m - an uncursed scroll of blank paper v - a blessed scroll of destroy armor Spellbooks ('+') H - an uncursed spellbook of extra healing Potions ('!') C - an uncursed potion of blindness D - an uncursed potion of gain energy G - an uncursed potion of gain level k - 6 uncursed potions of healing u - an uncursed potion of restore ability B - an uncursed potion of speed Rings ('=') l - a cursed ring of conflict Wands ('/') b - an uncursed wand of slow monster (0:6) Tools ('(') n - a cursed magic lamp p - an uncursed towel Gems/Stones ('*') A - an uncursed worthless piece of green glass Arasaka the Knight's attributes: Background: You were an Esquire, a level 5 male human Knight. You were lawful, nominally on a mission for Lugh who was opposed by Brigit (neutral) and Manannan Mac Lir (chaotic). You were right-handed. You were in the Dungeons of Doom, on level 5. You entered the dungeon 3044 turns ago. You had 305 experience points, 15 more were needed to attain level 6. Basics: You had 0 out of 45 hit points. You had all 39 energy points (spell power). Your armor class was 3. Your wallet contained 84 zorkmids. Autopickup was on for '$"?' plus thrown, with exceptions. Final Characteristics: Your strength was 15 (limit:18/100). Your dexterity was 9 (limit:18). Your constitution was 13 (limit:18). Your intelligence was 7 (limit:18). Your wisdom was 16 (limit:18). Your charisma was 17 (limit:18). Final Status: You were temporarily blind. You weren't hungry. You were unencumbered. You were wielding a long sword. You had basic skill with long sword and could have enhanced that. Final Attributes: You were piously aligned. You could jump. You were guarded. You are dead. Miscellaneous: You disabled loading of bones levels. Total elapsed playing time was 11 minutes and 30 seconds. Major events: Turn 1: Arasaka the lawful male human Knight entered the dungeon 1225: attained the rank of Esquire (level 3) 1469: entered the Gnomish Mines 3044: killed by a water moccasin, while reading a book Vanquished creatures: an imp 6 Mordor orcs a rock piercer a shrieker 2 gnome leaders a golden naga hatchling a gray ooze 2 straw golems 2 giant ants a floating eye a giant bat an iguana 2 acid blobs a coyote a hobbit a hobgoblin a cave spider a yellow mold a gnome zombie 2 jackals a fox a kobold 3 goblins 3 sewer rats 2 grid bugs 3 lichens 5 newts 48 creatures vanquished. No species were genocided or became extinct. Voluntary challenges: You were an atheist. You read items or engraved 3 times. You never engraved Elbereth. You never genocided any monsters. You never polymorphed an object. You never changed form. You used no wishes. Achievements: You attained the rank of Esquire. You entered the Gnomish Mines. The Dungeons of Doom: levels 1 to 5 Level 1: A grave. Level 2: Level 3: "v" Stairs down to The Gnomish Mines. Level 4: Level 5: <- You were here. Many fountains. Oracle of Delphi. Final resting place for you, killed by a water moccasin, while reading a book. The Gnomish Mines: Level 4: Game over: ---------- / \ / REST \ / IN \ / PEACE \ / \ | Arasaka | | 84 Au | | killed by a | | water moccasin | | | | | | 2024 | *| * * * | * _________)/\\_//(\/(/\)/\//\/|_)_______ Fare thee well Arasaka the Knight... You died in The Dungeons of Doom on dungeon level 5 with 1496 points, and 84 pieces of gold, after 3044 moves. You were level 5 with a maximum of 45 hit points when you died.